 Dungeon Crawl Stone Soup version 0.20.1-1-g8b1a95d (webtiles) character file.

230 equalderp2856 the Skirmisher (level 5, 0/42 HPs)
             Began as a Mummy Fighter on Oct 27, 2017.
             Hit by a stone thrown by a gnoll (2 damage)
             ... on level 3 of the Dungeon.
             The game lasted 00:04:35 (2565 turns).

equalderp2856 the Skirmisher (Mummy Fighter)        Turns: 2565, Time: 00:04:35

Health: 0/42       AC:  6    Str: 20    XL:     5   Next: 72%
Magic:  5/5        EV:  7    Int:  8    God:
Gold:   132        SH:  9    Dex: 11    Spells: 4/4 levels left

rFire    x . .     SeeInvis .   a - +0 war axe
rCold    + . .     Gourm    .   c - +0 shield
rNeg     + + +     Faith    .   b - +0 scale mail
rPois    ∞         Spirit   .   (no helmet)
rElec    .         Reflect  .   (no cloak)
rCorr    .         Harm     .   (no gloves)
MR       .....                  (no boots)
Stlth    ..........             (no amulet)
Regen    0.2/turn               (no ring)
MPRegen  0.1/turn               (no ring)

@: no status effects
A: no food or potions, fire vulnerability, cold resistance 1, negative energy
resistance 3, torment resistance, unbreathing
a: no special abilities


You were on level 3 of the Dungeon.
You were not hungry.

You visited 1 branch of the dungeon, and saw 3 of its levels.

You collected 132 gold pieces.

Inventory:

Hand Weapons
 a - a +0 war axe (weapon)
Armour
 b - a +0 scale mail (worn)
 c - a +0 shield (worn)
 o - a +0 chain mail
Jewellery
 g - an uncursed ring of positive energy {unknown}
Wands
 k - a wand of digging (12/24)
 n - a wand of iceblast (3/15)
Scrolls
 d - 3 scrolls of recharging {unknown}
 e - a scroll of enchant armour {unknown}
 f - 6 scrolls of identify {unknown}
 h - 2 scrolls of fog {unknown}
 i - 3 scrolls of remove curse {unknown}
 j - a scroll of blinking {unknown}
 l - 2 scrolls of teleportation {unknown}
 m - a scroll of random uselessness {unknown}


   Skills:
 + Level 3.7 Fighting
 + Level 3.1 Axes
 + Level 3.3 Armour
 + Level 1.0 Dodging
 + Level 3.2 Shields


You had 4 spell levels left.
You didn't know any spells.

Dungeon Overview and Level Annotations

Branches:
Dungeon (3/15)

Altars:
Okawaru


Innate Abilities, Weirdness & Mutations

You do not eat or drink.
Your flesh is vulnerable to fire.
You are immune to poison.
Your flesh is cold resistant. (rC+)
You are immune to negative energy. (rN+++)
You are immune to unholy pain and torment.
You can survive without breathing.


Message History

Natasha is severely wounded.
Your shield and scale mail prevent you from hitting the crimson imp.
You block the crimson imp's attack.
The gnoll hits you from afar with a halberd.
* * * LOW HITPOINT WARNING * * *
Natasha closely misses you. The crimson imp hits you.
* * * LOW HITPOINT WARNING * * *
Unknown command.
You slash Natasha!
You kill Natasha!
Natasha screams in fury as she dies!
The crimson imp disappears in a puff of smoke!
The gnoll barely misses you. The gnoll closely misses you.
Unknown command.
Unknown command.
The gnoll throws a stone.
You block the stone.
You see here a stone.
The gnoll throws a stone.
The stone closely misses you.
The gnoll throws a stone.
The stone hits you.
You die...

........#..###.# #.#........#####
.............#.###.#.##.....#....
.....#.####........#.#...........
..)..#..###.####.................
).[...#..##..# ##...#............
......##.###)# #....#............
<.....##.###)###.#.##............
......##.........###.............
..........g†..(.@(...#...........
.>.....(...(.....#####......#....
......#..........# #...########
......##.........# #...#
......###........# ##### ......#
########## #######


You could see a gnoll.

Vanquished Creatures
  Ijyb (D:3)
  Terence (D:2)
  Natasha (twice) (D:3)
  2 adders
  3 gnolls (D:2)
  An ooze (D:3)
  A worm (D:2)
  2 dart slugs
  3 leopard geckos
  11 orcs (D:3)
  3 ball pythons (D:1)
  9 goblins
  3 hobgoblins
  A quokka (D:2)
  3 bats
  2 frilled lizards
  11 kobolds
  8 rats
67 creatures vanquished.

Notes
Turn   | Place    | Note
-------+----------+-------------------------------------------
     0 | D:1      | equalderp2856 the Mummy Fighter began the quest for the Orb.
     0 | D:1      | Reached XP level 1. HP: 18/18 MP: 1/1
   198 | D:1      | Reached XP level 2. HP: 21/24 MP: 2/2
   770 | D:2      | Found an iron altar of Okawaru.
   773 | D:2      | Reached XP level 3. HP: 26/29 MP: 3/3
  1125 | D:3      | Noticed Ijyb
  1170 | D:3      | Killed Ijyb
  1330 | D:3      | Reached XP level 4. HP: 28/35 MP: 4/4
  1340 | D:3      | Noticed Terence
  2079 | D:2      | Killed Terence
  2079 | D:2      | Reached skill level 1 in Dodging
  2141 | D:3      | Reached XP level 5. HP: 41/41 MP: 5/5
  2168 | D:3      | Noticed Natasha
  2178 | D:3      | Killed Natasha
  2546 | D:3      | Noticed Natasha
  2560 | D:3      | HP: 2/42 [gnoll/halberd (1)]
  2561 | D:3      | Killed Natasha
  2565 | D:3      | Hit by a stone thrown by a gnoll

Skill      XL: |  1  2  3  4  5 |
---------------+----------------+-----
Axes           | 2 3 |  3.1
Armour         | 3 |  3.3
Dodging        | 1 |  1.0
Shields        | 3 |  3.2
Fighting       | |  3.7

Action                   |  1- 3 |  4- 6 || total
-------------------------+-------+-------++-------
Melee: War axe           |   113 |   149 ||   262
Armor: Scale mail        |    43 |    66 ||   109
Dodge: Dodged            |    36 |    56 ||    92
Block: Shield            |    63 |    90 ||   153
